 Dungeon Crawl Stone Soup version 0.29-a0-323-g050149af67 (webtiles) character file.

Game seed: 13456849091519104232

5 ImHallYall the Conjurer (level 1, 0/7 HPs)
             Began as a Felid Conjurer on Apr 11, 2022.
             Slain by a jackal (1 damage)
             ... on level 1 of the Dungeon.
             The game lasted 00:01:30 (957 turns).

ImHallYall the Conjurer (Felid Conjurer)             Turns: 957, Time: 00:01:31

Health: 0/7        AC:  1    Str:  3    XL:     1   Next: 66%
Magic:  4/4        EV: 17    Int: 19    God:
Gold:   20         SH:  0    Dex: 14    Spells: 3/4 levels left
                                        Lives:  0   Deaths: 0

rFire   . . .      SeeInvis +   (weapon unavailable)
rCold   . . .      Faith    .   (shield unavailable)
rNeg    . . .      Spirit   .   (body armour unavailable)
rPois   .          Reflect  .   (helmet unavailable)
rElec   .          Harm     .   (cloak unavailable)
rCorr   .          Rampage  .   (gloves unavailable)
Will    .....                   (boots unavailable)
Stlth   ++........              (no amulet)
HPRegen 0.02/turn               (no ring)
MPRegen 0.09/turn               (no ring)

@: quick
A: very small, claws 1, fangs 3, see invisible, speed 1, shaggy fur 1, stealthy
paws, no weapons or thrown items, no armour, multi-lived
a: no special abilities


You were on level 1 of the Dungeon.
You visited 1 branch of the dungeon, and saw 1 of its levels.

You collected 20 gold pieces.

Inventory:

Scrolls
 b - a scroll of silence {unknown}
 d - a scroll of identify {unknown}
 e - a scroll of noise {unknown}
Potions
 a - a potion of magic
 c - a potion of degeneration {unknown}
 f - a potion of resistance {unknown}
 g - a potion of curing {unknown}


   Skills:
 + Level 2.7 Dodging
 + Level 2.7 Stealth
 + Level 2.0 Spellcasting
 + Level 3.8 Conjurations


You had 3 spell levels left.
You knew the following spells:

 Your Spells              Type           Power      Damage    Failure   Level
a - Magic Dart            Conj           64%        1d6       3%          1

Your spell library contained the following spells:

 Spells                   Type           Power      Damage    Failure   Level
 Searing Ray              Conj           32%        2d5       5%          2
 Dazzling Flash           Conj/Hex       18%        N/A       22%         3
 Fulminant Prism          Conj/Hex       4%         3d6       58%         4
 Iskenderun's Mystic Bla  Conj/Tloc      9%         2d4       58%         4


Dungeon Overview and Level Annotations

Branches:
Dungeon (1/15)

Altars:


Innate Abilities, Weirdness & Mutations

You have sharp claws.
You have razor-sharp teeth.
You have supernaturally acute eyesight. (SInv)
You cover ground quickly. (Speed+)
You are covered in fur. (AC +1)
Your paws help you pounce on unaware monsters.
You are incapable of wielding weapons or throwing items.
You cannot wear armour.
You gain extra lives every three experience levels.


Message History

Things that are here:
a +0 short sword; a kobold corpse 2 jackals come into view.
The jackal barks!
You hear a bark!
The jackal barks!
You hear an angry hiss.
A jackal comes into view.
You hear an angry hiss.
A ball python comes into view.
The jackal completely misses you.
You completely miss the jackal.
The ball python hisses angrily.
You bite the jackal, but do no damage. The jackal closely misses you.
A ball python comes into view.
The jackal misses you.
You closely miss the jackal. The jackal closely misses you. x2
The jackal bites you but does no damage.
The jackal misses you. The jackal completely misses you.
You barely miss the jackal. The jackal completely misses you.
The jackal closely misses you. The jackal barely misses you. x2
You scratch the jackal but do no damage.
The jackal barely misses you. The jackal misses you.
The jackal closely misses you.
You scratch the jackal. Your bite misses the jackal.
The jackal is heavily wounded.
The jackal completely misses you. x2; The jackal closely misses you. x2
The jackal bites you. The jackal misses you.
You scratch the jackal.
The jackal is severely wounded.
The jackal misses you. The jackal completely misses you.
The jackal bites you but does no damage.
You scratch the jackal but do no damage.
The jackal is severely wounded.
The jackal bites you. The jackal misses you. The jackal bites you.
* * * LOW HITPOINT WARNING * * *
The jackal misses you.
The jackal bites you but does no damage.
You scratch the jackal but do no damage.
Your bite misses the jackal.
The jackal is severely wounded.
The jackal closely misses you. The jackal bites you.
You die...

###.###### #.# #.# #.######
##.####### #....... #.........
######## #..########## #.....#
....# # ....# #...#.# ....# #
....# #...#.##h...#.# # #.#.#
#...#..@hS..... # #.#.#
###...####h...#.# # ##.#.#
#.........S.....# #
.....###.#.######################
###......#.......................
......#..#..§§....###############
≈≈≈≈...##..§≈≈≈≈..# #
≈≈≈.≈......§§§§§≈§# #
≈<>≈≈......§§§§≈§§#


You could see 3 jackals and 2 ball pythons.

Vanquished Creatures
  2 bats (D:1)
  An endoplasm (D:1)
  A hobgoblin (D:1)
  A kobold (D:1)
5 creatures vanquished.

Notes
Turn   | Place    | Note
-------+----------+-------------------------------------------
     0 | D:1      | ImHallYall the Felid Conjurer began the quest for the Orb.
     0 | D:1      | Reached XP level 1. HP: 7/7 MP: 4/4
   957 | D:1      | Slain by a jackal

Illustrated notes

Levels and vault maps discovered:
D:1:      dpeg_arrival_pits, layout_basic,
          shapermc_ecumenical_altar_mp_highgroup

Action                   || total
-------------------------++-------
Melee: Unarmed           ||    25
       Bite              ||     2
 Cast: Magic Dart        ||     5
Armor: Skin              ||    10
Dodge: Dodged            ||    50

Table legend: (Time is in decaauts)
 A = Elapsed time spent in this place.
 B = Non-inter-level travel time spent in this place.
 C = Inter-level travel time spent in this place.
 D = Time resting spent in this place.
 E = Time spent auto-exploring this place.
 F = Levels seen in this place.
 G = Mean time per level.
                   A        B        C        D        E       F      G
               +--------+--------+--------+--------+--------+-----+--------+
         Total |    871 |    871 |      0 |    437 |    341 |   1 |  871.0 |
       Dungeon |    871 |    871 |      0 |    437 |    341 |   1 |  871.0 |
               +--------+--------+--------+--------+--------+-----+--------+

Top non-repeatable levels by time:
     D:1: 871 daAuts
